 Dungeon Crawl Stone Soup version 0.30.1-10-g1249ef9ec4 (webtiles) character file.

Game seed: 247425158864290492

46184 Nonny the Impaler (level 14, -23/186 HPs)
             Began as a Merfolk Fighter on Oct 27, 2023.
             Was the Champion of the Shining One.
             Annihilated by a cane toad (46 damage)
             ... on level 3 of the Lair of Beasts.
             The game lasted 00:36:38 (14051 turns).

Nonny the Impaler (Merfolk Fighter)                Turns: 14051, Time: 00:36:38

Health: -23/186    AC: 31    Str: 20    XL:     14   Next: 36%
Magic:  19/19      EV:  2    Int: 16    God:    the Shining One [******]
Gold:   555        SH:  0    Dex: 15    Spells: 13/13 levels left

rFire   x . .        a - +1 trident (venom)
rCold   + . .        c - +0 buckler
rNeg    + + +        P - melded +0 swamp dragon scales
rPois   +            p - melded +1 helmet
rElec   .            (cloak currently unavailable)
rCorr   .            i - melded +2 pair of gloves
SInv    .            U - melded +2 pair of boots
Will    +....        J - amulet of regeneration
Stlth   +            A - +4 ring of protection
HPRegen 1.31/turn    y - ring of Gonuurov {Ice Int+7 Dex+2}
MPRegen 0.16/turn

%: no passive effects
@: tree-form, sleeping, glowing
A: stationary, stasis, torment immunity, boosted hp, (nimble swimmer 2),
(mertail)
a: Renounce Religion, Divine Shield, Cleansing Flame, Summon Divine Warrior,
Brand Weapon With Holy Wrath


You were on level 3 of the Lair of Beasts.
You worshipped the Shining One.
The Shining One was exalted by your worship.
You were a tree.
You visited 3 branches of the dungeon, and saw 16 of its levels.
You also visited: Ossuary and Ice Cave.

You collected 1045 gold pieces.
You spent 490 gold pieces at shops.

Inventory:

Hand Weapons
 a - a +1 trident of venom (weapon)
Missiles
 E - 8 curare-tipped darts (quivered)
 L - 10 poisoned darts
Armour
 c - a +0 buckler (worn)
 i - a +2 pair of gloves (melded)
 k - a +0 plate armour
 p - a +1 helmet (melded)
 N - a +0 chain mail of cold resistance
 P - +0 swamp dragon scales (melded)
 R - the +5 scale mail of Unambiguity {Str+4 Stlth-}
   (You found it on level 12 of the Dungeon)

   Str:       It affects your strength (+4).
   Stlth:     It makes you less stealthy.
 U - a +2 pair of boots (melded)
Jewellery
 e - a ring of resist corrosion
 l - a ring of fire
 y - the ring of Gonuurov (right branch) {Ice Int+7 Dex+2}
   (You found it on level 7 of the Dungeon)

   [ring of ice]

   It enhances your ice magic.
   Int:       It affects your intelligence (+7).
   Dex:       It affects your dexterity (+2).
   rF:        It makes you vulnerable to fire.
   rC:        It protects you from cold.
 A - a +4 ring of protection (left branch)
 H - a ring of fire
 J - an amulet of regeneration (around neck)
Wands
 t - a wand of iceblast (14)
 v - a wand of digging (19)
 B - a wand of mindburst (38)
 K - a wand of paralysis (4)
 Q - a wand of flame (8)
 S - a wand of acid (7)
Scrolls
 f - 6 scrolls of fog
 j - 9 scrolls of teleportation
 m - 3 scrolls of fear
 w - 3 scrolls of magic mapping
 D - a scroll of blinking
 F - 7 scrolls of noise
 G - 3 scrolls of immolation
 I - 2 scrolls of amnesia
 M - a scroll of summoning
 O - 2 scrolls of poison
 T - a scroll of enchant armour
 W - a scroll of silence
Potions
 d - 5 potions of might
 g - 4 potions of resistance
 h - a potion of cancellation
 n - 4 potions of ambrosia {unknown}
 o - 6 potions of brilliance {unknown}
 q - a potion of attraction {unknown}
 r - 2 potions of flight
 s - 2 potions of magic
 u - 7 potions of curing
 x - 8 potions of mutation
 C - a potion of haste
 V - a potion of berserk rage {unknown}


   Skills:
 + Level 15.9 Fighting
 + Level 20.5 Polearms
 - Level 6.0 Armour
 - Level 6.0 Dodging
 - Level 3.0 Stealth
 - Level 5.0 Shields
 * Level 7.4 Invocations


You had 13 spell levels left.
You didn't know any spells.
Your spell library contained the following spells:

 Spells                   Type           Power      Damage    Failure   Level
 Magic Dart               Conj           0%         1d3       30%         1
 Call Imp                 Summ           0%         N/A       43%         2
 Lesser Beckoning         Tloc           0%         N/A       43%         2
 Gell's Gravitas          Tloc           0%         N/A       67%         3
 Ignite Poison            Fire/Tmut/Pois 0%         N/A       67%         3
 Mephitic Cloud           Conj/Pois/Air  0%         N/A       67%         3
 Ozocubu's Armour         Ice            0%         N/A       67%         3
 Teleport Other           Tloc           0%         N/A       67%         3
 Vhi's Electric Charge    Tloc/Air       0%         N/A       67%         3
 Animate Armour           Summ/Erth      0%         N/A       97%         4
 Sticky Flame             Conj/Fire      0%         2d3       97%         4
 Summon Ice Beast         Ice/Summ       0%         N/A       97%         4
 Arcjolt                  Conj/Air       0%         1d10      100%        5
 Blade Hands              Tmut           0%         N/A       100%        5
 Metabolic Englaciation   Hex/Ice        0%         N/A       100%        5
 Summon Mana Viper        Hex/Summ       0%         N/A       100%        5
 Iron Shot                Conj/Erth      0%         9d1       100%        6
 Simulacrum               Ice/Necr       0%         N/A       100%        6
 Monstrous Menagerie      Summ           0%         N/A       100%        7
 Ignition                 Fire           0%         3d3       100%        8
 Maxwell's Capacitive Co  Air            0%         ∞         100%        8


Dungeon Overview and Level Annotations

Branches:
Dungeon (12/15)            Temple (1/1) D:4            Lair (3/5) D:9
 Shoals (0/4) Lair:3          Orc (0/2) D:10        Ossuary (visited)
  IceCv (visited)
  Snake: Lair:2-3    Spider: Lair:2-3

Altars:
Ashenzari
Cheibriados
Dithmenos
Elyvilon
Fedhas
Gozag
Hepliaklqana
Kikubaaqudgha
Makhleb
Nemelex Xobeh
Okawaru
Qazlal
Ru
Sif Muna
Trog
Uskayaw
Vehumet
Wu Jian
Xom
Yredelemnul
Zin
The Shining One

Shops:
D:1 :   D:2 *   D:7 =   D:8 *   D:10 ?

Portals:
Trove: D:11 (give +2 fire dragon scales)

Annotations:
D:8 3 runed translucent doors, grtsk's ghost, novice VSEn


Innate Abilities, Weirdness & Mutations

You are a tree.
Your roots penetrate the ground, keeping you stationary.
You cannot be teleported.
You are immune to unholy pain and torment.
Your maximum health is greatly increased.
Your equipment is partially melded.
((You are very nimble when in or above water. (Stealth+, EV+, Speed+++)))
((Your lower body shifts to a powerful aquatic tail in water.))


Message History

* * * LOW HITPOINT WARNING * * *
You are encased in ice.
You puncture the rime drake!
The rime drake is almost dead.
The dream sheep ruffle their wool and motes of dream dust sparkle, to no effect.
The rime drake bites you.
* * * LOW HITPOINT WARNING * * *
The dream sheep shake their wool and sparkle.
You feel drowsy...
You fall asleep.
The rime drake bites you!
You wake up.
* * * LOW HITPOINT WARNING * * *
Unknown command.
Unknown command.
Unknown command.
Okay, then.
You hit the rime drake.
The rime drake is almost dead.
The ice encasing you melts away.
You kill the rime drake!
Unknown command.
Unknown command.
Unknown command.
You puncture the cane toad!
The cane toad is moderately wounded.
The cane toad stings you!
* * * LOW HITPOINT WARNING * * *
Unknown command.
You feel much better. You block the cane toad's attack.
Unknown command.
You hit the cane toad.
The cane toad is poisoned.
The cane toad is moderately wounded.
The cane toad stings you but does no damage.
Unknown command.
You puncture the cane toad!
The cane toad is heavily wounded.
The dream sheep shake their wool and sparkle.
You feel drowsy...
You fall asleep.
The cane toad stings you but does no damage.
The cane toad stings you!!!
You die...

*,,,,,,,,,#..................,,,,
*,,,,,,,,,...................,,,,
*,,,,,,,,,................<..,,,,
*,,,,,,,,,...................,,,,
*,*,,,,,,,,,..................,,,
*,**,,,,,,,,**#.Y..)...........,,
*****,**,,*** #YYY§.............,
****,** ##F#.S............. ***
#♣#...............
####..............
###........#... #......##....
#............ ###P.........
###........ #.#...... ####.....


You could see a cane toad (very poisoned) and 4 dream sheep.

Vanquished Creatures
  A frost giant (IceCv)
  Fannar (Lair:3)
  3 hydras (Lair:2)
  3 two-headed ogres
  2 boulder beetles
  5 death yaks (IceCv)
  Nergalle (Lair:1)
  Sonja (Lair:3)
  The ghost of lonewolfV2 the Trooper, a novice DsFi (D:7)
  A glowing orange brain (D:8)
  An orange crystal statue (D:12)
  2 lindwurms (Lair:1)
  6 ugly things
  2 deep elf pyromancers
  2 manticores
  2 black mambas (Lair:1)
  Joseph (D:9)
  4 cane toads
  3 gargoyles
  Maggie (D:8)
  Psyche (D:8)
  7 komodo dragons
  An unseen horror (D:10)
  6 rime drakes
  A meliai (D:9)
  A troll (D:11)
  4 polar bears
  9 blink frogs
  A hornet (D:7)
  4 slime creatures (D:12)
  4 vampires
  3 wraiths
  2 wyverns (Lair:3)
  33 yaks
  6 shadows
  3 redbacks (Lair:1)
  Grum (D:8)
  A steam dragon (D:9)
  A vampire mosquito (D:11)
  An acid dragon (D:12)
  17 water moccasins
  4 orc warriors
  A sky beast (D:7)
  6 black bears
  2 ogres
  24 wolves
  A centaur (D:9)
  3 kobold brigands (D:9)
  Blork the orc (D:5)
  5 bullfrogs
  A gnoll sergeant (D:10)
  4 scorpions
  A lava snake (Lair:1)
  3 centaur zombies
  3 hounds
  2 jellies
  A human zombie (Ossuary)
  6 orc priests
  2 gnoll boudas
  13 iguanas
  13 orc wizards
  3 mummies (Ossuary)
  10 gnolls
  8 adders
  14 white imps
  A howler monkey simulacrum (D:9)
  4 worms
  51 orcs
  6 endoplasms
  4 giant cockroaches
  A gnoll zombie (Ossuary)
  4 goblins
  4 hobgoblins
  10 jackals
  A quokka (D:5)
  8 ball pythons
  5 bats
  3 frilled lizards
  A goblin zombie (D:4)
  2 hobgoblin zombies (Ossuary)
  19 kobolds
  2 kobold zombies (Ossuary)
  An orc zombie (Ossuary)
  A quokka zombie (D:4)
  2 rats
411 creatures vanquished.

Vanquished Creatures (collateral kills)
  A dancing weapon (D:7)
  2 death yaks (IceCv)
  An ice statue (IceCv)
  2 rime drakes (IceCv)
  2 polar bears (IceCv)
  A yak (IceCv)
  A wolf (IceCv)
10 creatures vanquished.

Grand Total: 421 creatures vanquished

Notes
Turn   | Place    | Note
-------+----------+-------------------------------------------
     0 | D:1      | Nonny the Merfolk Fighter began the quest for the Orb.
     0 | D:1      | Reached XP level 1. HP: 18/18 MP: 1/1
   108 | D:1      | Reached XP level 2. HP: 24/24 MP: 2/2
   178 | D:1      | Starting vault: three lakeside huts.
   206 | D:1      | Reached skill level 3 in Polearms
   431 | D:1      | Found Xuul Inn's Book Shoppe.
   888 | D:2      | Reached XP level 3. HP: 30/30 MP: 3/3
   959 | D:2      | Found a glowing golden altar of the Shining One.
   983 | D:2      | Became a worshipper of the Shining One
  1249 | D:2      | Reached skill level 4 in Polearms
  1249 | D:2      | Reached XP level 4. HP: 36/37 MP: 4/4
  1280 | D:2      | Found Hyfisomm's Assorted Antiques.
  1285 | D:2      | Bought a ruby potion for 21 gold pieces
  1713 | D:3      | Reached XP level 5. HP: 39/42 MP: 5/5
  1716 | D:3      | Reached skill level 5 in Polearms
  2313 | D:3      | Found a faded altar of an unknown god.
  2678 | D:4      | Found a sand-covered staircase.
  2697 | Ossuary  | Entered an ossuary
  2793 | Ossuary  | Reached * piety under the Shining One
  2794 | Ossuary  | Reached XP level 6. HP: 49/49 MP: 6/6
  2816 | Ossuary  | Reached skill level 6 in Polearms
  3219 | D:4      | Reached ** piety under the Shining One
  3430 | D:4      | Found a staircase to the Ecumenical Temple.
  3452 | Temple   | Entered the Ecumenical Temple
  3601 | Temple   | Swampy temple!
  3832 | D:5      | Entered Level 5 of the Dungeon
  3890 | D:5      | Reached skill level 7 in Polearms
  3890 | D:5      | Reached XP level 7. HP: 55/55 MP: 7/7
  3995 | D:5      | Reached skill level 8 in Polearms
  4063 | D:5      | Reached skill level 5 in Fighting
  4241 | D:5      | Noticed Blork the orc
  4252 | D:5      | Killed Blork the orc
  4253 | D:5      | Reached XP level 8. HP: 62/62 MP: 8/8
  4440 | D:5      | Reached skill level 9 in Polearms
  4997 | D:6      | Reached skill level 10 in Polearms
  5672 | D:7      | Noticed a hornet
  5678 | D:7      | Killed a hornet
  5679 | D:7      | Reached skill level 11 in Polearms
  5679 | D:7      | Reached XP level 9. HP: 69/69 MP: 9/9
  5825 | D:7      | Identified the ring of Gonuurov {Ice Int+7 Dex+2}
  6141 | D:7      | Reached skill level 5 in Shields
  6328 | D:7      | Reached skill level 12 in Polearms
  6337 | D:7      | Found Taessini's Jewellery Shoppe.
  6345 | D:7      | Bought an amulet of regeneration for 300 gold pieces
  6353 | D:7      | Found a runed translucent door.
  6354 | D:7      | Found a shimmering altar of Xom.
  6354 | D:7      | Noticed lonewolfV2's ghost (novice DsFi)
  6354 | D:7      | Noticed a +2 whip of chaos
  6369 | D:7      | Killed a +2 whip of chaos
  6370 | D:7      | Reached skill level 5 in Armour
  6380 | D:7      | Killed lonewolfV2's ghost
  6381 | D:7      | Reached skill level 13 in Polearms
  6381 | D:7      | Reached XP level 10. HP: 64/79 MP: 10/10
  6517 | D:8      | You fall into a shaft and drop 3 floors!
  6562 | D:11     | Noticed a brown ugly thing
  6570 | D:11     | Killed a brown ugly thing
  6658 | D:11     | Noticed a manticore
  6675 | D:11     | Killed a manticore
  6676 | D:11     | Reached skill level 14 in Polearms
  6707 | D:11     | Reached *** piety under the Shining One
  6714 | D:11     | Reached skill level 1 in Invocations
  6915 | D:11     | Reached skill level 15 in Polearms
  7073 | D:11     | Noticed a two-headed ogre
  7080 | D:11     | Killed a two-headed ogre
  7081 | D:11     | Reached XP level 11. HP: 87/87 MP: 13/13
  7257 | D:11     | Found a portal to a secret trove of treasure.
  7398 | D:10     | Entered Level 10 of the Dungeon
  7401 | D:10     | Found Ekotan's Magic Scroll Emporium.
  7409 | D:10     | Bought 3 scrolls of teleportation for 117 gold pieces
  7409 | D:10     | Bought a scroll of fog for 52 gold pieces
  7439 | D:10     | Found a staircase to the Orcish Mines.
  7605 | D:10     | Noticed a deep elf pyromancer
  7609 | D:10     | Killed a deep elf pyromancer
  7610 | D:10     | Reached skill level 16 in Polearms
  7625 | D:10     | Noticed a two-headed ogre
  7648 | D:10     | Killed a two-headed ogre
  7722 | D:10     | Reached **** piety under the Shining One
  7764 | D:10     | Reached skill level 5 in Invocations
  7795 | D:10     | Reached skill level 10 in Fighting
  7931 | D:10     | Found a snail-covered altar of Cheibriados.
  8093 | D:10     | Noticed a two-headed ogre
  8106 | D:10     | Killed a two-headed ogre
  8431 | D:9      | Found a staircase to the Lair.
  8604 | D:9      | Reached XP level 12. HP: 64/99 MP: 16/16
  8805 | D:9      | Reached skill level 17 in Polearms
  8860 | D:9      | Reached skill level 1 in Dodging
  8868 | D:9      | Reached ***** piety under the Shining One
  9030 | D:9      | Noticed Joseph
  9064 | D:9      | Killed Joseph
  9365 | D:8      | Noticed Grum
  9385 | D:8      | Killed Grum
  9528 | D:8      | Found a runed translucent gate.
  9528 | D:8      | Found a runed translucent gate.
  9528 | D:8      | Found a runed translucent gate.
  9647 | D:8      | Noticed Maggie
  9661 | D:8      | Killed Maggie
  9979 | D:8      | Found Cururozxa's Gadget Gallery.
 10166 | D:8      | Noticed Psyche
 10172 | D:8      | Killed Psyche
 10280 | D:8      | Reached skill level 18 in Polearms
 10359 | D:8      | Found a runed translucent gate.
 10359 | D:8      | Found a runed translucent gate.
 10365 | D:8      | Found a runed translucent gate.
 10365 | D:8      | Noticed grtsk's ghost (novice VSEn)
 10515 | D:12     | Reached skill level 1 in Stealth
 10627 | D:12     | Found a runed translucent door.
 10654 | D:12     | Found a runed translucent door.
 10665 | D:12     | Found a runed translucent door.
 10687 | D:12     | Found a runed translucent door.
 10866 | D:12     | Identified the +5 scale mail of Unambiguity {Str+4 Stlth-}
 11219 | D:12     | Noticed a two-headed ogre
 11275 | D:12     | Noticed a boulder beetle
 11282 | D:12     | Noticed a two-headed ogre
 11489 | Lair:1   | Entered Level 1 of the Lair of Beasts
 11560 | Lair:1   | Reached XP level 13. HP: 97/111 MP: 17/17
 11864 | Lair:1   | Noticed Nergalle
 11880 | Lair:1   | Killed Nergalle
 11881 | Lair:1   | Reached skill level 19 in Polearms
 12224 | Lair:1   | Found a runed translucent door.
 12262 | Lair:1   | Found a runed translucent gate.
 12262 | Lair:1   | Found a runed translucent gate.
 12262 | Lair:1   | Found a runed translucent gate.
 12262 | Lair:1   | Found a runed translucent gate.
 12262 | Lair:1   | Found a runed translucent gate.
 12266 | Lair:1   | Found a runed translucent gate.
 12739 | Lair:2   | Found the +7 staff of the Meek {protect, meekguard}
 13079 | Lair:2   | You fall into a shaft and drop 1 floor!
 13079 | Lair:3   | Found a staircase to the Shoals.
 13116 | Lair:3   | Found a frozen archway.
 13205 | IceCv    | Entered an ice cave
 13247 | IceCv    | Identified the +0 tower shield "Ycsulukk" {Will++ Slay-3}
 13254 | IceCv    | Reached skill level 15 in Fighting
 13329 | IceCv    | Reached skill level 20 in Polearms
 13449 | IceCv    | Noticed a frost giant
 13468 | IceCv    | Killed a frost giant
 13469 | IceCv    | Reached XP level 14. HP: 80/123 MP: 18/18
 13482 | IceCv    | Reached skill level 5 in Dodging
 13990 | Lair:3   | Noticed Sonja
 13990 | Lair:3   | Reached ****** piety under the Shining One
 13995 | Lair:3   | Noticed Fannar
 13997 | Lair:3   | Killed Sonja
 14041 | Lair:3   | Killed Fannar
 14047 | Lair:3   | HP: 3/186 [cane toad (14)]
 14051 | Lair:3   | Annihilated by a cane toad

Illustrated notes

..~~≈≈≈≈≈≈≈≈#..>..#≈≈≈≈≈≈≈≈≈≈~~..
#.~~≈≈≈≈≈≈≈≈#.....#≈≈≈≈≈≈≈≈≈≈≈~..
#..~~≈≈≈≈≈≈≈#.....#≈≈≈≈≈≈≈≈≈≈≈≈~~
##.~~≈≈≈≈≈≈≈##...##≈≈≈≈≈≈≈≈≈≈≈≈≈~
#..~~≈≈≈≈≈≈≈~##'##~≈≈≈≈≈≈≈≈≈≈≈≈≈≈
..~~≈≈≈≈≈≈≈≈~~...~~≈≈≈~≈≈≈≈≈≈≈≈≈~
.~~≈≈≈≈≈≈≈≈≈~~....~~≈≈~~#####≈≈≈~
.~~≈≈≈≈≈≈≈≈≈≈~~...~~~~~##...##≈≈~
.~~≈≈≈≈≈≈≈≈~≈~~.@..~~~.#.....#≈≈≈
.~≈≈≈≈≈≈≈≈≈~~~~........'..<>.#≈≈≈
~~~≈≈≈≈≈≈~~~~~.........#.....#≈≈≈
~~≈≈≈#####~~........~~~##...##≈≈~
~≈≈≈##...##......~~~~~~≈#####≈≈≈~
~~≈≈#.....#.....~~~~≈≈≈≈≈≈≈≈≈≈≈≈~
~~≈≈#.>...'.....†≈≈≈≈≈≈≈≈≈≈≈≈≈≈~~
~≈≈≈#.....#....~~≈≈≈≈≈≈≈≈≈≈≈≈≈≈~~
~≈≈≈##...##....~~≈≈≈≈≈≈≈≈≈≈~≈~~~.


Turn 178 on D:1: Starting vault: three lakeside huts. ..♣♣.....~.~≈≈≈♣♣
..♣.......~≈~≈♣♣ ..♣._....♣..~≈♣ ♣♣......♣..♣≈≈♣♣ ♣♣.~......♣♣♣~≈♣♣
...~~.._..♣..~≈≈♣♣ _.~~~....♣....≈≈≈♣ ...~~.♣♣♣..<..~≈≈♣♣ ♣♣♣~~~♣...§§..~≈@≈♣ ♣
♣♣~~~~..§~~~≈≈≈≈♣ ♣♣♣~~~~~~≈≈≈≈≈♣♣ ♣♣♣~~~≈≈≈§≈≈♣ ♣♣♣♣♣≈≈≈♣♣♣ ♣♣♣♣♣ Turn 3601 on
Temple: Swampy temple!

Levels and vault maps discovered:
D:1:      minmay_arrival_shoal_huts, layout_basic, serial_shops,
          nicolae_shop_peninsula
D:2:      layout_basic, basic_altar, serial_shops,
          nicolae_shop_just_a_little_nook
D:3:      layout_basic, shapermc_ecumenical_altar_mp_highgroup,
          serial_bayou_lagoon_a
D:4:      layout_loops_ring, minmay_temple_entry_hall, enter_ossuary_4,
          hex_large
D:5:      layout_basic, uniq_blork_the_orc
D:6:      layout_basic, serial_glass, glass_columns_a, glass_columns_a
D:7:      layout_basic, ebering_ghost_xom, serial_shops, shop
D:8:      layout_basic, ploomutoo_gammafunk_ghost_potion_laboratory,
          nicolae_shop_gadgets, uniq_grum, uniq_psyche, uniq_maggie
D:9:      layout_basic, due_lair_maze_entry_diamond, minmay_three_doors,
          uniq_joseph
D:10:     layout_basic, mainiacjoe_overflow_catwalk, david_orc_2, serial_shops,
          nicolae_shop_temple_entry_statues_fountains, glass_columns_a
D:11:     layout_roguey, nicolae_trove_entry_columns, serial_undead,
          serial_undead_c, serial_undead_a, serial_undead_e, serial_undead_c,
          minmay_fractal_squares_gapless_5
D:12:     layout_rooms, minmay_statue_crystal_thing
Temple:   nicolae_temple_bog_church
Lair:1:   gammafunk_indiana_jones, layout_chaotic_city, uniq_nergalle
Lair:2:   beast_lair_carwin_large_4, layout_long_grid, spider_nest_entry_a,
          serial_bayou_shore_b, serial_bayou_shore_b
Lair:3:   layout_hall_layers, shoals_dummy_entry, portal_ice_cave_entry_imps,
          lemuel_fruit_tree, uniq_fannar, uniq_sonja

Skill      XL: |  1  2  3  4  5  6  7  8  9 10 11 12 13 14 |
---------------+-------------------------------------------+-----
Polearms       | 3 4 5 7 8 11 13 15 16 18 20 | 20.5
Fighting       | 4 5 7 8 10 13 15 | 15.9
Shields        | 4 5 |  5.0
Armour         | 3 4 5 6 |  6.0
Invocations    | 3 5 6 7 |  7.4
Dodging        | 3 4 6 |  6.0
Stealth        | 3 |  3.0

Action                     |  1- 3 |  4- 6 |  7- 9 | 10-12 | 13-15 || total
---------------------------+-------+-------+-------+-------+-------++-------
  Melee: Trident           |   145 |   229 |   211 |   810 |   602 ||  1997
         Tailslap          |     1 |       |       |       |     6 ||     7
 Invoke: Divine Shield     |       |       |       |     1 |       ||     1
         Summon Divine War |       |       |       |       |     1 ||     1
  Evoke: Wand              |       |       |       |       |     3 ||     3
    Use: Scroll            |       |    11 |     9 |     2 |     3 ||    25
         Potion            |       |       |     2 |     4 |    10 ||    16
 Armour: Scale mail        |    46 |    77 |       |    49 |    54 ||   226
         Plate armour      |       |     8 |   106 |   204 |       ||   318
         Skin              |       |       |     9 |       |     2 ||    11
         Swamp dragon scal |       |       |       |    32 |   206 ||   238
  Dodge: Dodged            |    66 |    82 |    27 |   159 |   239 ||   573
  Block: Buckler           |    30 |    45 |    29 |    96 |   121 ||   321
